 Dungeon Crawl Stone Soup version 0.29.1-15-g9cfb28693d (webtiles) character file.

Game seed: 15549478117431682896

18 112233 the Conjurer (level 2, -1/15 HPs)
             Began as a Deep Elf Conjurer on Feb 24, 2023.
             Slain by a jackal (3 damage)
             ... on level 1 of the Dungeon.
             The game lasted 00:00:29 (335 turns).

112233 the Conjurer (Deep Elf Conjurer)              Turns: 335, Time: 00:00:29

Health: -1/15      AC:  2    Str:  4    XL:     2   Next: 51%
Magic:  1/9        EV: 12    Int: 22    God:
Gold:   5          SH:  0    Dex: 13    Spells: 6/9 levels left

rFire   . . .      SeeInvis .   (no weapon)
rCold   . . .      Faith    .   (no shield)
rNeg    . . .      Spirit   .   a - +0 robe
rPois   .          Reflect  .   (no helmet)
rElec   .          Harm     .   (no cloak)
rCorr   .          Rampage  .   (no gloves)
Will    .....                   (no boots)
Stlth   ++........              (no amulet)
HPRegen 0.05/turn               (no ring)
MPRegen 0.11/turn               (no ring)

@: no status effects
A: no striking features
a: no special abilities


You were on level 1 of the Dungeon.
You visited 1 branch of the dungeon, and saw 1 of its levels.

You collected 5 gold pieces.

Inventory:

Armour
 a - a +0 robe (worn)
Scrolls
 c - 2 scrolls of immolation
Potions
 b - a potion of magic


   Skills:
 - Level 2.5 Dodging
 - Level 2.6 Stealth
 + Level 4.1 Spellcasting
 - Level 4.4 Conjurations


You had 6 spell levels left.
You knew the following spells:

 Your Spells              Type           Power      Damage    Failure   Level
a - Magic Dart            Conj           96%        1d7       1%          1
b - Searing Ray           Conj           48%        2d6       2%          2

Your spell library contained the following spells:

 Spells                   Type           Power      Damage    Failure   Level
 Dazzling Flash           Conj/Hex       28%        N/A       13%         3
 Fulminant Prism          Conj/Hex       7%         3d7       41%         4
 Iskenderun's Mystic Bla  Conj/Tloc      14%        2d5       41%         4


Dungeon Overview and Level Annotations

Branches:
Dungeon (1/15)

Altars:


Message History

Press: ? - help, Shift-Dir - straight line, f - jackal
Aim: a jackal (100% to hit)
The magic dart hits the jackal but does no damage.
The jackal barely misses you. The jackal bites you.
The jackal completely misses you. The jackal barely misses you.
Casting: Magic Dart (safe; 1% risk of failure)
Confirm with . or Enter, or press ? or * to list all spells.
Aiming: Magic Dart (safe; 1% risk of failure)
Press: ? - help, Shift-Dir - straight line, f/p - jackal
Aim: a jackal (100% to hit)
The magic dart hits the jackal.
The jackal is severely wounded.
The jackal bites you. The jackal misses you.
Casting: Magic Dart (safe; 1% risk of failure)
Confirm with . or Enter, or press ? or * to list all spells.
Aiming: Magic Dart (safe; 1% risk of failure)
Press: ? - help, Shift-Dir - straight line, f/p - jackal
Aim: a jackal (severely wounded, 100% to hit)
The magic dart hits the jackal.
You kill the jackal!
The jackal closely misses you. The jackal bites you.
Unknown command.
The jackal attacks as you move away! The jackal misses you.
The jackal attacks as you move away! The jackal bites you.
Casting: Magic Dart (safe; 1% risk of failure)
Confirm with . or Enter, or press ? or * to list all spells.
Aiming: Searing Ray (safe; 2% risk of failure)
Press: ? - help, Shift-Dir - straight line, f - hobgoblin
Aim: a hobgoblin (79% to hit)
The searing ray hits the hobgoblin.
You kill the hobgoblin! (Press . to maintain the ray.)
The jackal misses you. The jackal bites you.
* * * LOW HITPOINT WARNING * * *
Okay, then.
The jackal attacks as you move away! The jackal bites you.
* * * LOW HITPOINT WARNING * * *
You see here a hobgoblin corpse.
The jackal bites you.
You die...

#........##+.#.......
.............#.#..#.
........#†..#.......
.......#...#.....#.# #
...†....#....##....#####.
....†...?..._.†##........
......#...#.....#.# .
.#....##..........# .
#..#.#@.......##.#####.
#. #.h#†.#.).#......... #
#.h#...#.#....#.....
#.............#.....
###...#.#.....#.....
#..............÷..
#######.....#.....
#.....#..... #.....######


You could see 2 jackals.

Vanquished Creatures
  2 dart slugs (D:1)
  A giant cockroach (D:1)
  A hobgoblin (D:1)
  3 jackals (D:1)
  2 ball pythons (D:1)
  A bat (D:1)
  2 kobolds (D:1)
  2 rats (D:1)
14 creatures vanquished.

Notes
Turn   | Place    | Note
-------+----------+-------------------------------------------
     0 | D:1      | 112233 the Deep Elf Conjurer began the quest for the Orb.
     0 | D:1      | Reached XP level 1. HP: 10/10 MP: 6/6
    77 | D:1      | Found a faded altar of an unknown god.
   123 | D:1      | Reached XP level 2. HP: 13/15 MP: 1/8
   232 | D:1      | Learned a level 2 spell: Searing Ray
   335 | D:1      | Slain by a jackal

Illustrated notes

Levels and vault maps discovered:
D:1:      sevenhm_arrival_forest_fort_large_2, layout_rooms,
          hellmonk_ecumenical_altar_blasted

Skill      XL: |  1  2 |
---------------+-------+-----
Spellcasting   | 4 |  4.1
Dodging        | |  2.5
Stealth        | |  2.6
Conjurations   | |  4.4

Action                   || total
-------------------------++-------
 Cast: Magic Dart        ||    25
       Searing Ray       ||     1
Armor: Robe              ||     1
Dodge: Dodged            ||     8
